 Dungeon Crawl Stone Soup version 0.21.1-1-g345015f (webtiles) character file.

94 equalderp2856 the Covered (level 4, -4/40 HPs)
             Began as a Minotaur Fighter on May 12, 2018.
             Slain by Sigmund
             ... wielding a +1 scythe of venom
              (9 damage)
             ... on level 3 of the Dungeon.
             The game lasted 00:01:27 (1258 turns).

equalderp2856 the Covered (Minotaur Fighter)        Turns: 1258, Time: 00:01:28

Health: -4/40      AC:  7    Str: 20    XL:     4   Next: 38%
Magic:  3/3        EV: 12    Int:  5    God:
Gold:   95         SH: 10    Dex: 16    Spells: 3/3 levels left

rFire    . . .     SeeInvis .   a - +0 war axe
rCold    . . .     Gourm    .   c - +0 shield
rNeg     . . .     Faith    .   b - +0 scale mail
rPois    .         Spirit   .   (helmet restricted)
rElec    .         Reflect  .   (no cloak)
rCorr    .         Harm     .   (no gloves)
MR       .....                  (no boots)
Stlth    +.........             (no amulet)
HPRegen  0.13/turn              (no ring)
MPRegen  0.08/turn              (no ring)

@: agile, lethally poisoned (-4 -> -23), hasted, very quick
A: retaliatory headbutt, horns 2
a: no special abilities


You were on level 3 of the Dungeon.
You were not hungry.

You visited 1 branch of the dungeon, and saw 3 of its levels.

You collected 95 gold pieces.

Inventory:

Hand Weapons
 a - a +0 war axe (weapon)
Armour
 b - a +0 scale mail (worn)
 c - a +0 shield (worn)
Jewellery
 p - a +4 ring of dexterity {unknown}
Wands
 n - a wand of iceblast (7)
Scrolls
 e - 5 scrolls of remove curse {unknown}
 g - 3 scrolls of identify {unknown}
 h - a scroll of enchant weapon {unknown}
 i - 2 scrolls of teleportation {unknown}
 q - a scroll of amnesia {unknown}
Potions
 d - a potion of might
 k - a potion of agility
 l - a potion of degeneration {unknown}
 m - a potion of resistance {unknown}
 o - a potion of heal wounds {unknown}
Comestibles
 f - 10 rations
 r - a chunk of flesh


   Skills:
 + Level 4.1 Fighting
 + Level 4.3 Axes
 + Level 4.4 Armour
 + Level 0.1 Dodging
 + Level 4.0 Shields


You had 3 spell levels left.
You didn't know any spells.

Dungeon Overview and Level Annotations

Branches:
Dungeon (3/15)

Altars:
Okawaru
Xom

Annotations:
D:3 Sigmund


Innate Abilities, Weirdness & Mutations

You reflexively headbutt those who attack you in melee.
You have a pair of horns on your head.


Message History

A goblin and an orc come into view.
* * * LOW HITPOINT WARNING * * *
You feel sick.
Unknown command.
* * * LOW HITPOINT WARNING * * *
You feel sick.
Sigmund casts a spell.
Sigmund flickers and vanishes!
Deactivating autopickup; reactivate with Ctrl-A.
Unknown command.
It was a potion of agility.
You feel agile all of a sudden.
* * * LOW HITPOINT WARNING * * *
You feel sick.
The leopard gecko bites you but does no damage. x2
Unknown command.
It was a potion of haste.
You feel yourself speed up.
* * * LOW HITPOINT WARNING * * *
You feel sick. Something hits you!
You die...

.........................
#......<.................
##....>...........†......
....>#.######............
.......# ###......#...
.....### ###.#..# .....
##....# . .. #.....# ...
###@###.# ##ol.# ...
#.{### .... #.o## ...
...o# ... ..##.o ... ....
g...


You could see an orc priest, 3 orcs and a leopard gecko.

Vanquished Creatures
  3 adders
  An ooze (D:3)
  2 worms (D:2)
  3 dart slugs (D:1)
  3 leopard geckos
  2 giant cockroaches (D:1)
  6 goblins
  5 hobgoblins
  3 quokkas (D:2)
  2 ball pythons
  7 bats
  A frilled lizard (D:2)
  8 kobolds
  4 rats
50 creatures vanquished.

Notes
Turn   | Place    | Note
-------+----------+-------------------------------------------
     0 | D:1      | equalderp2856 the Minotaur Fighter began the quest for the Orb.
     0 | D:1      | Reached XP level 1. HP: 19/19 MP: 0/0
    15 | D:1      | Reached XP level 2. HP: 19/27 MP: 1/1
   406 | D:2      | Reached XP level 3. HP: 33/33 MP: 2/2
  1058 | D:2      | Reached XP level 4. HP: 40/40 MP: 3/3
  1213 | D:3      | Found a shimmering altar of Xom.
  1213 | D:3      | Found an iron altar of Okawaru.
  1246 | D:3      | Noticed Sigmund
  1258 | D:3      | Slain by Sigmund

Skill      XL: |  1  2  3  4 |
---------------+-------------+-----
Armour         | 4 |  4.4
Axes           | 3 4 |  4.3
Fighting       | 4 |  4.1
Shields        | 4 |  4.0
Dodging        | |  0.1

Action                   |  1- 3 |  4- 6 || total
-------------------------+-------+-------++-------
Melee: War axe           |   103 |    21 ||   124
       Headbutt          |    15 |     1 ||    16
  Use: Potion            |       |     2 ||     2
  Eat: Chunk             |       |     1 ||     1
Armor: Scale mail        |    42 |     8 ||    50
Dodge: Dodged            |    35 |     9 ||    44
Block: Shield            |    60 |    11 ||    71
